Vegas Golden Knights vs St.Louis Blues
(R1)
Created - Wednesday, May 29, 2024 at 06:59
Goals
|
| Vegas Golden Knights |
1 |
0 |
3 |
4 |
| St.Louis Blues |
1 |
1 |
1 |
3 |
|
Shots
|
| Vegas Golden Knights |
10 |
10 |
16 |
36 |
| St.Louis Blues |
10 |
11 |
8 |
29 |
|
1st period
1. St.Louis Blues , Mark Stone 21 (Jack Eichel 38) at 1:20
2. Vegas Golden Knights , Chris Kreider 41 (Shea Theodore 22) at 6:46 (PP)
Penalties :
Adam Pelech (STL) for Holding (Minor) at 5:52, Yanni Gourde (STL) for Goalie Interference (Minor) at 11:10
2nd period
3. St.Louis Blues , Robert Thomas 41 (Elias Pettersson 62, Tage Thompson 42) at 1:00
Penalties :
No Penalty
3rd period
4. Vegas Golden Knights , Jack Roslovic 12 (Nikolaj Ehlers 34, Shea Theodore 23) at 2:39 (PP)
5. Vegas Golden Knights , Tyler Bertuzzi 21 (Eric Staal 9) at 8:29
6. St.Louis Blues , Alex Tuch 17 (Yanni Gourde 21) at 11:04
7. Vegas Golden Knights , Jack Roslovic 13 (Nikolaj Ehlers 35, Alexandar Georgiev) at 13:25
Penalties :
Mikhail Sergachev (STL) for Holding (Minor) at 1:09, Nick Leddy (STL) for Tripping (Minor) at 6:21, Marc Staal (VGK) for Cross-checking (Minor) at 13:54
Goalie Stats
Alexandar Georgiev (VGK), 26 saves from 29 shots - (0.897), W, 34-18-4, 60:00 minutes
Connor Hellebuyck (STL), 32 saves from 36 shots - (0.889), L, 38-14-7, 59:20 minutes
Players Stats for Vegas Golden Knights
Player Name G A P +/- PIM S H SB GA TA FO MP PP MP PK MP
------------------------------------------------------------------------------------
Alex Chiasson 0 0 0 0 0 2 0 0 0 0 0/0 11:44 3:06 0:00
Chris Kreider 1 0 1 -1 0 7 0 1 1 0 0/2 19:11 3:12 0:01
Eric Staal 0 1 1 0 0 0 2 0 0 1 0/1 10:26 0:00 0:54
Jack Roslovic 2 0 2 -1 0 4 1 0 0 0 0/0 18:35 3:07 0:00
Joe Pavelski 0 0 0 -1 0 1 3 0 1 1 3/6 19:08 3:12 0:00
John Marino 0 0 0 1 0 1 0 0 0 0 0/0 15:50 0:00 1:09
Jonathan Drouin 0 0 0 0 0 1 1 0 0 0 0/0 7:44 0:00 0:00
Jordan Staal 0 0 0 1 0 2 1 0 0 0 8/8 13:24 0:00 0:54
Marc Staal 0 0 0 1 2 0 0 0 0 1 0/0 15:07 0:00 0:00
Marc-Edouard Vlasic 0 0 0 1 0 0 0 1 0 0 0/0 15:10 0:03 0:50
Nikolaj Ehlers 0 2 2 -1 0 3 2 0 1 1 1/1 18:37 3:07 0:00
Reilly Smith 0 0 0 1 0 2 4 0 0 0 0/0 14:54 3:12 0:01
Roman Josi 0 0 0 -3 0 2 1 0 0 0 0/0 25:45 3:16 0:10
Sean Couturier 0 0 0 -1 0 2 2 0 1 0 6/19 19:10 3:10 1:04
Sean Monahan 0 0 0 -1 0 2 1 0 1 0 10/21 17:40 0:03 1:04
Shea Theodore 0 2 2 -3 0 2 0 4 0 0 0/0 26:36 3:06 0:40
Travis Hamonic 0 0 0 1 0 0 1 0 0 0 0/0 14:54 0:00 1:09
Tyler Bertuzzi 1 0 1 1 0 5 5 0 0 0 0/0 14:05 3:16 0:00
Players Stats for St.Louis Blues
Player Name G A P +/- PIM S H SB GA TA FO MP PP MP PK MP
------------------------------------------------------------------------------------
Adam Pelech 0 0 0 2 2 0 0 0 0 0 0/0 13:08 0:00 3:02
Alex Pietrangelo 0 0 0 -1 0 3 1 0 0 0 0/0 23:40 0:37 0:00
Alex Tuch 1 0 1 1 0 4 1 0 0 1 0/0 13:06 0:37 0:00
Andrew Copp 0 0 0 0 0 1 0 0 0 0 4/6 11:48 0:04 2:55
Colton Parayko 0 0 0 -1 0 0 1 1 0 1 0/0 25:00 0:00 2:36
Elias Pettersson 0 1 1 1 0 3 2 0 0 0 0/0 20:48 1:09 1:04
Evander Kane 0 0 0 1 0 3 1 0 1 0 1/1 11:52 0:50 0:00
Jack Eichel 0 1 1 0 0 3 0 0 0 0 5/14 14:40 0:50 0:00
Jake Guentzel 0 0 0 0 0 2 1 0 0 2 0/1 15:01 1:05 0:11
Jake Sanderson 0 0 0 -1 0 1 0 4 0 0 0/0 21:42 0:00 3:53
Lawson Crouse 0 0 0 0 0 1 1 0 1 0 0/1 10:54 0:04 3:09
Mark Stone 1 0 1 0 0 2 0 0 0 0 0/0 14:38 0:50 0:00
Mikhail Sergachev 0 0 0 0 2 1 1 0 0 0 0/0 20:19 1:22 0:19
Nick Leddy 0 0 0 2 2 0 0 0 0 1 0/0 13:00 0:00 2:54
Nico Sturm 0 0 0 -1 0 0 0 0 0 0 3/6 10:09 0:00 3:13
Robert Thomas 1 0 1 1 0 2 0 0 0 0 13/22 19:43 1:05 0:00
Tage Thompson 0 1 1 1 0 3 2 0 1 0 1/1 20:01 1:22 0:00
Yanni Gourde 0 1 1 0 2 0 2 0 1 0 3/6 14:05 0:00 2:12
3 Stars
1 - Jack Roslovic (VGK)
2 - Tyler Bertuzzi (VGK)
3 - Alex Tuch (STL)
Power Play
Vegas Golden Knights - 2 on 4 Attempt(s) - 50.00%
St.Louis Blues - 0 on 1 Attempt(s) - 0.00%
Penalty Kill
Vegas Golden Knights - 1 on 1 Attempt(s) - 100.00%
- Score 0 goal in Penalty Kill
St.Louis Blues - 2 on 4 Attempt(s) - 50.00%
- Score 0 goal in Penalty Kill
Team Stat
Vegas Golden Knights - Hits : 24 - Faceoff Wins : 28 - Blocked Shots : 6 - Penalty Minutes : 2
St.Louis Blues - Hits : 13 - Faceoff Wins : 30 - Blocked Shots : 5 - Penalty Minutes : 8
Official
Referees : Kevin Pollock and Gord Dwyer
Linesman : Shandor Alphonso and Ryan Gibbons
Game Notes
No Game Note
Finance
Level 1 -- Attendance: 4997 (83.28%) -- Ticket Income $484,709
Level 2 -- Attendance: 3791 (75.82%) -- Ticket Income $216,087
Level 3 -- Attendance: 2601 (86.70%) -- Ticket Income $88,434
Level 4 -- Attendance: 4925 (98.50%) -- Ticket Income $113,275
Luxury Box -- Attendance: 956 (95.60%) -- Ticket Income $185,464
Game was played at the Scottrade Center.
Total Attendance: 17270 (86.35%)
Total Ticket Income: $1,087,969
Other Income: $380,789
Total Income: $1,468,758
Vegas Golden Knights
5 vs 5 Forward
Center Left Wing Right Wing Time % Phy DF OF
1 Sean Monahan Chris Kreider Joe Pavelski 35 1 2 2
2 Sean Couturier Nikolaj Ehlers Jack Roslovic 30 1 2 2
3 Jordan Staal Tyler Bertuzzi Reilly Smith 25 1 2 2
4 Eric Staal Jonathan Drouin Alex Chiasson 10 1 2 2
5 vs 5 Defense
Defense Defense Time % Phy DF OF
1 Roman Josi Shea Theodore 35 1 2 2
2 Marc Staal John Marino 30 1 2 2
3 Marc-Edouard Vlasic Travis Hamonic 25 1 2 2
4 Roman Josi Shea Theodore 10 1 2 2
PowerPlay Forward
Center Left Wing Right Wing Time % Phy DF OF
1 Joe Pavelski Chris Kreider Reilly Smith 50 1 2 2
2 Sean Couturier Nikolaj Ehlers Jack Roslovic 50 1 2 2
PowerPlay Defense
Defense Defense Time % Phy DF OF
1 Tyler Bertuzzi Roman Josi 50 1 2 2
2 Alex Chiasson Shea Theodore 50 1 2 2
Penalty Kill 4 Players Forward
Center Wing Time % Phy DF OF
1 Sean Couturier Sean Monahan 50 1 2 2
2 Eric Staal Jordan Staal 50 1 2 2
Penalty Kill 4 Players Defense
Defense Defense Time % Phy DF OF
1 John Marino Travis Hamonic 50 1 2 2
2 Marc-Edouard Vlasic Marc Staal 50 1 2 2
Penalty Kill - 3 Players Forward
Forward Time % Phy DF OF
1 Sean Couturier 50 1 2 2
2 Jordan Staal 50 1 2 2
Penalty Kill - 3 Players Defense
Defense Defense Time % Phy DF OF
1 John Marino Travis Hamonic 50 1 2 2
2 Eric Staal Marc Staal 50 1 2 2
4 vs 4 Forward
Center Wing Time % Phy DF OF
1 Joe Pavelski Chris Kreider 50 1 2 2
2 Jonathan Drouin Alex Chiasson 50 1 2 2
4 vs 4 Defense
Defense Defense Time % Phy DF OF
1 Roman Josi Shea Theodore 50 1 2 2
2 Marc-Edouard Vlasic John Marino 50 1 2 2
Last Minutes Offensive
Center Left Wing Right Wing Defense Defense
Joe Pavelski Chris Kreider Nikolaj Ehlers Roman Josi John Marino
Last Minutes Defensive
Center Left Wing Right Wing Defense Defense
Sean Couturier Jordan Staal Sean Monahan Marc Staal Travis Hamonic
Goaltenders
Starting : Alexandar Georgiev
Backup : Philipp Grubauer
Extra Forwards
Normal : Reilly Smith, Joe Pavelski, Chris Kreider - PP : Sean Monahan, Sean Couturier - PK : Reilly Smith
Extra Defensemen
Normal : John Marino, Roman Josi, Shea Theodore - PP : Marc Staal - PK : Shea Theodore, Roman Josi
Penalty Shots
Jack Roslovic, Sean Monahan, Joe Pavelski, Chris Kreider, Eric Staal
St.Louis Blues
5 vs 5 Forward
Center Left Wing Right Wing Time % Phy DF OF
1 Robert Thomas Elias Pettersson Tage Thompson 40 0 2 3
2 Jack Eichel Jake Guentzel Mark Stone 30 0 2 3
3 Yanni Gourde Alex Tuch Evander Kane 20 1 2 2
4 Nico Sturm Andrew Copp Lawson Crouse 10 1 3 1
5 vs 5 Defense
Defense Defense Time % Phy DF OF
1 Colton Parayko Alex Pietrangelo 45 1 2 2
2 Jake Sanderson Mikhail Sergachev 35 1 2 2
3 Nick Leddy Adam Pelech 20 1 2 2
4 Alex Pietrangelo Mikhail Sergachev 0 1 2 2
PowerPlay Forward
Center Left Wing Right Wing Time % Phy DF OF
1 Robert Thomas Elias Pettersson Jake Guentzel 60 1 0 4
2 Jack Eichel Evander Kane Mark Stone 40 1 0 4
PowerPlay Defense
Defense Defense Time % Phy DF OF
1 Tage Thompson Mikhail Sergachev 60 0 1 4
2 Alex Tuch Alex Pietrangelo 40 0 1 4
Penalty Kill 4 Players Forward
Center Wing Time % Phy DF OF
1 Nico Sturm Yanni Gourde 50 1 4 0
2 Andrew Copp Lawson Crouse 50 1 4 0
Penalty Kill 4 Players Defense
Defense Defense Time % Phy DF OF
1 Jake Sanderson Colton Parayko 50 1 4 0
2 Nick Leddy Adam Pelech 50 1 4 0
Penalty Kill - 3 Players Forward
Forward Time % Phy DF OF
1 Nico Sturm 50 0 5 0
2 Yanni Gourde 50 0 5 0
Penalty Kill - 3 Players Defense
Defense Defense Time % Phy DF OF
1 Jake Sanderson Colton Parayko 50 0 5 0
2 Adam Pelech Nick Leddy 50 0 5 0
4 vs 4 Forward
Center Wing Time % Phy DF OF
1 Robert Thomas Elias Pettersson 50 0 2 3
2 Jack Eichel Mark Stone 50 0 2 3
4 vs 4 Defense
Defense Defense Time % Phy DF OF
1 Alex Pietrangelo Colton Parayko 50 1 2 2
2 Mikhail Sergachev Jake Sanderson 50 1 2 2
Last Minutes Offensive
Center Left Wing Right Wing Defense Defense
Robert Thomas Elias Pettersson Jake Guentzel Tage Thompson Mikhail Sergachev
Last Minutes Defensive
Center Left Wing Right Wing Defense Defense
Nico Sturm Yanni Gourde Lawson Crouse Alex Pietrangelo Colton Parayko
Goaltenders
Starting : Connor Hellebuyck
Backup : Scott Wedgewood
Extra Forwards
Normal : Jack Eichel, Elias Pettersson, Lawson Crouse - PP : Jack Eichel, Elias Pettersson - PK : Elias Pettersson
Extra Defensemen
Normal : Jake Sanderson, Mikhail Sergachev, Colton Parayko - PP : Nick Leddy - PK : Jake Sanderson, Colton Parayko
Penalty Shots
Elias Pettersson, Tage Thompson, Jack Eichel, Alex Tuch, Robert Thomas
% Time on Ice - Vegas Golden Knights
Lines # - Real PCT - Wanted PCT - Time Play
Normal Forward
1 - 30% - 35% - 15:20
2 - 32% - 30% - 16:22
3 - 22% - 25% - 11:01
4 - 15% - 10% - 7:44
Normal Defense
1 - 37% - 35% - 18:32
2 - 31% - 30% - 15:26
3 - 24% - 25% - 12:19
4 - 8% - 10% - 4:10
PP Forward
1 - 50% - 50% - 3:12
2 - 50% - 50% - 3:10
PP Defense
1 - 51% - 50% - 3:16
2 - 49% - 50% - 3:06
PK Forward
1 - 55% - 50% - 1:05
2 - 45% - 50% - 0:54
PK Defense
1 - 58% - 50% - 1:09
2 - 42% - 50% - 0:50
PK3 Forward
1 - 0% - 50%
2 - 0% - 50%
PK3 Defense
1 - 0% - 50%
2 - 0% - 50%
44 Forward
1 - 0% - 50%
2 - 0% - 50%
44 Defense
1 - 0% - 50%
2 - 0% - 50%
Last Minute Offensive - 0:00
Last Minute Defensive - 1:12
Total
Forward - 60:00
Defense - 60:00
|
% Time on Ice - St.Louis Blues
Lines # - Real PCT - Wanted PCT - Time Play
Normal Forward
1 - 36% - 40% - 18:02
2 - 31% - 30% - 15:45
3 - 20% - 20% - 10:10
4 - 13% - 10% - 6:29
Normal Defense
1 - 44% - 45% - 22:24
2 - 35% - 35% - 17:54
3 - 20% - 20% - 9:58
4 - 0% - 0% - 0:10
PP Forward
1 - 58% - 60% - 1:09
2 - 42% - 40% - 0:50
PP Defense
1 - 69% - 60% - 1:22
2 - 31% - 40% - 0:37
PK Forward
1 - 54% - 50% - 3:27
2 - 46% - 50% - 2:55
PK Defense
1 - 41% - 50% - 2:36
2 - 59% - 50% - 3:46
PK3 Forward
1 - 0% - 50%
2 - 0% - 50%
PK3 Defense
1 - 0% - 50%
2 - 0% - 50%
44 Forward
1 - 0% - 50%
2 - 0% - 50%
44 Defense
1 - 0% - 50%
2 - 0% - 50%
Last Minute Offensive - 1:13
Last Minute Defensive - 0:00
Total
Forward - 60:00
Defense - 60:00
|
Play-by-Play
1st period
0:01 of 1st period - Sean Monahan wins face-off versus Robert Thomas in neutral zone.
0:06 of 1st period - Colton Parayko is hit by Joe Pavelski and loses puck.
0:33 of 1st period - Wrist shot by Reilly Smith.
0:33 of 1st period - Stopped by Connor Hellebuyck without a rebound.
0:34 of 1st period - Jordan Staal wins face-off versus Jack Eichel in St.Louis Blues zone.
0:59 of 1st period - Reilly Smith is hit by Yanni Gourde and loses puck.
1:04 of 1st period - Wrist shot by Alex Tuch.
1:04 of 1st period - Stopped by Alexandar Georgiev without a rebound.
1:05 of 1st period - Nico Sturm wins face-off versus Sean Couturier in Vegas Golden Knights zone.
1:16 of 1st period - Wrist shot by Andrew Copp.
1:16 of 1st period - Stopped by Alexandar Georgiev without a rebound.
1:17 of 1st period - Jack Eichel wins face-off versus Sean Couturier in Vegas Golden Knights zone.
1:20 of 1st period - Snap shot by Mark Stone.
1:20 of 1st period - Goal by Mark Stone - Vegas Golden Knights : 0 - St.Louis Blues : 1.
1:21 of 1st period - Yanni Gourde wins face-off versus Eric Staal in neutral zone.
2:07 of 1st period - Wrist shot by Robert Thomas.
2:07 of 1st period - Shot Misses the Net.
2:32 of 1st period - Off-side.
2:33 of 1st period - Jordan Staal wins face-off versus Lawson Crouse in neutral zone.
2:46 of 1st period - Wrist shot by Tyler Bertuzzi.
2:46 of 1st period - Shot Misses the Net.
2:58 of 1st period - Snap shot by Mark Stone.
2:58 of 1st period - Stopped by Alexandar Georgiev with a rebound.
3:22 of 1st period - Slapshot by Tyler Bertuzzi.
3:22 of 1st period - Stopped by Connor Hellebuyck with a rebound.
4:17 of 1st period - Backhand shot by Nikolaj Ehlers.
4:17 of 1st period - Shot Misses the Net.
5:52 of 1st period - Minor Penalty to Adam Pelech for Holding.
5:53 of 1st period - Joe Pavelski wins face-off versus Nico Sturm in St.Louis Blues zone.
6:04 of 1st period - Wrist shot by Joe Pavelski.
6:04 of 1st period - Shot Misses the Net.
6:06 of 1st period - Slapshot by Tyler Bertuzzi.
6:06 of 1st period - Shot Blocked by Jake Sanderson.
6:08 of 1st period - Snap shot by Roman Josi.
6:08 of 1st period - Deflect By Jake Sanderson.
6:08 of 1st period - Stopped by Connor Hellebuyck with a rebound.
6:10 of 1st period - Slapshot by Roman Josi.
6:10 of 1st period - Stopped by Connor Hellebuyck without a rebound.
6:11 of 1st period - Andrew Copp wins face-off versus Sean Couturier in St.Louis Blues zone.
6:46 of 1st period - Snap shot by Chris Kreider.
6:46 of 1st period - Goal by Chris Kreider - Vegas Golden Knights : 1 - St.Louis Blues : 1.
6:47 of 1st period - Robert Thomas wins face-off versus Chris Kreider in neutral zone.
7:21 of 1st period - Off-side.
7:22 of 1st period - Sean Couturier wins face-off versus Jack Eichel in neutral zone.
7:30 of 1st period - Wrist shot by Jack Eichel.
7:30 of 1st period - Stopped by Alexandar Georgiev with a rebound.
7:32 of 1st period - Slapshot by Mikhail Sergachev.
7:32 of 1st period - Stopped by Alexandar Georgiev with a rebound.
7:34 of 1st period - Snap shot by Mikhail Sergachev.
7:34 of 1st period - Shot Blocked by Marc-Edouard Vlasic.
7:36 of 1st period - Slapshot by Mark Stone.
7:36 of 1st period - Shot Misses the Net.
8:10 of 1st period - Snap shot by Evander Kane.
8:10 of 1st period - Stopped by Alexandar Georgiev without a rebound.
8:11 of 1st period - Jordan Staal wins face-off versus Yanni Gourde in Vegas Golden Knights zone.
8:27 of 1st period - Snap shot by Evander Kane.
8:27 of 1st period - Shot Misses the Net.
8:29 of 1st period - Slapshot by Alex Pietrangelo.
8:29 of 1st period - Stopped by Alexandar Georgiev without a rebound.
8:30 of 1st period - Robert Thomas wins face-off versus Sean Monahan in Vegas Golden Knights zone.
8:33 of 1st period - Snap shot by Tage Thompson.
8:33 of 1st period - Shot Misses the Net.
8:57 of 1st period - Adam Pelech is hit by Eric Staal and loses puck.
9:04 of 1st period - Eric Staal is hit by Elias Pettersson and loses puck.
9:15 of 1st period - Snap shot by Tage Thompson.
9:15 of 1st period - Stopped by Alexandar Georgiev without a rebound.
9:16 of 1st period - Sean Couturier wins face-off versus Jack Eichel in Vegas Golden Knights zone.
9:21 of 1st period - Jack Eichel is hit by Nikolaj Ehlers and loses puck.
9:46 of 1st period - Snap shot by Joe Pavelski.
9:46 of 1st period - Shot Misses the Net.
9:48 of 1st period - Slapshot by Chris Kreider.
9:48 of 1st period - Stopped by Connor Hellebuyck without a rebound.
9:49 of 1st period - Sean Monahan wins face-off versus Yanni Gourde in St.Louis Blues zone.
9:58 of 1st period - Snap shot by Chris Kreider.
9:58 of 1st period - Shot Misses the Net.
10:02 of 1st period - Snap shot by Chris Kreider.
10:02 of 1st period - Stopped by Connor Hellebuyck with a rebound.
10:04 of 1st period - Snap shot by Chris Kreider.
10:04 of 1st period - Stopped by Connor Hellebuyck without a rebound.
10:05 of 1st period - Robert Thomas wins face-off versus Sean Couturier in St.Louis Blues zone.
10:12 of 1st period - Wrist shot by Nikolaj Ehlers.
10:12 of 1st period - Stopped by Connor Hellebuyck with a rebound.
10:38 of 1st period - Shea Theodore is hit by Mikhail Sergachev and loses puck.
11:10 of 1st period - Minor Penalty to Yanni Gourde for Goalie Interference.
11:11 of 1st period - Andrew Copp wins face-off versus Sean Couturier in St.Louis Blues zone.
12:51 of 1st period - Adam Pelech is hit by Tyler Bertuzzi and loses puck.
13:10 of 1st period - Penalty to Yanni Gourde is over, Yanni Gourde is back on ice.
13:13 of 1st period - Wrist shot by Alex Tuch.
13:13 of 1st period - Shot Misses the Net.
16:09 of 1st period - Icing by Sean Monahan.
16:10 of 1st period - Sean Monahan wins face-off versus Jack Eichel in Vegas Golden Knights zone.
16:43 of 1st period - Jake Guentzel is hit by Tyler Bertuzzi and loses puck.
16:54 of 1st period - Snap shot by Jake Sanderson.
16:54 of 1st period - Deflect By Reilly Smith.
16:54 of 1st period - Stopped by Alexandar Georgiev without a rebound.
16:55 of 1st period - Sean Couturier wins face-off versus Robert Thomas in Vegas Golden Knights zone.
17:06 of 1st period - Slapshot by Elias Pettersson.
17:06 of 1st period - Shot Misses the Net.
17:24 of 1st period - Slapshot by Chris Kreider.
17:24 of 1st period - Shot Misses the Net.
19:21 of 1st period - Wrist shot by Jonathan Drouin.
19:21 of 1st period - Stopped by Connor Hellebuyck without a rebound.
19:22 of 1st period - Sean Couturier wins face-off versus Nico Sturm in St.Louis Blues zone.
19:27 of 1st period - Slapshot by Sean Couturier.
19:27 of 1st period - Shot Misses the Net.
19:51 of 1st period - Icing by Elias Pettersson.
19:52 of 1st period - Robert Thomas wins face-off versus Sean Monahan in St.Louis Blues zone.
Goals for this period are 1 for Vegas Golden Knights vs 1 for St.Louis Blues.
Shots for this period are 10 for Vegas Golden Knights vs 10 for St.Louis Blues.
2nd period
0:01 of 2nd period - Robert Thomas wins face-off versus Sean Couturier in neutral zone.
0:12 of 2nd period - Slapshot by Tage Thompson.
0:12 of 2nd period - Stopped by Alexandar Georgiev with a rebound.
0:51 of 2nd period - Sean Monahan is hit by Tage Thompson and loses puck.
1:00 of 2nd period - Snap shot by Robert Thomas.
1:00 of 2nd period - Goal by Robert Thomas - Vegas Golden Knights : 1 - St.Louis Blues : 2.
1:01 of 2nd period - Sean Couturier wins face-off versus Jack Eichel in neutral zone.
1:10 of 2nd period - Wrist shot by Sean Couturier.
1:10 of 2nd period - Shot Misses the Net.
1:53 of 2nd period - Mikhail Sergachev is hit by Tyler Bertuzzi and loses puck.
2:52 of 2nd period - Slapshot by Sean Monahan.
2:52 of 2nd period - Stopped by Connor Hellebuyck without a rebound.
2:53 of 2nd period - Sean Monahan wins face-off versus Yanni Gourde in St.Louis Blues zone.
2:56 of 2nd period - Snap shot by Joe Pavelski.
2:56 of 2nd period - Stopped by Connor Hellebuyck without a rebound.
2:57 of 2nd period - Sean Monahan wins face-off versus Robert Thomas in St.Louis Blues zone.
3:26 of 2nd period - Icing by Roman Josi.
3:27 of 2nd period - Evander Kane wins face-off versus Joe Pavelski in Vegas Golden Knights zone.
3:30 of 2nd period - Wrist shot by Yanni Gourde.
3:30 of 2nd period - Shot Misses the Net.
3:32 of 2nd period - Slapshot by Mikhail Sergachev.
3:32 of 2nd period - Shot Blocked by Chris Kreider.
3:34 of 2nd period - Slapshot by Mikhail Sergachev.
3:34 of 2nd period - Shot Blocked by Shea Theodore.
3:36 of 2nd period - Slapshot by Yanni Gourde.
3:36 of 2nd period - Shot Misses the Net.
3:40 of 2nd period - Snap shot by Alex Tuch.
3:40 of 2nd period - Stopped by Alexandar Georgiev without a rebound.
3:41 of 2nd period - Robert Thomas wins face-off versus Sean Couturier in Vegas Golden Knights zone.
4:08 of 2nd period - Alex Pietrangelo is hit by Jonathan Drouin and loses puck.
4:17 of 2nd period - Snap shot by Jack Eichel.
4:17 of 2nd period - Stopped by Alexandar Georgiev without a rebound.
4:18 of 2nd period - Sean Monahan wins face-off versus Jake Guentzel in Vegas Golden Knights zone.
4:23 of 2nd period - Slapshot by Shea Theodore.
4:23 of 2nd period - Shot Misses the Net.
4:25 of 2nd period - Snap shot by Sean Monahan.
4:25 of 2nd period - Shot Misses the Net.
4:35 of 2nd period - Snap shot by Chris Kreider.
4:35 of 2nd period - Shot Misses the Net.
5:54 of 2nd period - Wrist shot by Jake Guentzel.
5:54 of 2nd period - Stopped by Alexandar Georgiev with a rebound.
5:56 of 2nd period - Slapshot by Alex Pietrangelo.
5:56 of 2nd period - Shot Misses the Net.
5:58 of 2nd period - Slapshot by Alex Pietrangelo.
5:58 of 2nd period - Shot Blocked by Shea Theodore.
6:00 of 2nd period - Snap shot by Mark Stone.
6:00 of 2nd period - Deflect By Jack Eichel.
6:00 of 2nd period - Shot Misses the Net.
6:00 of 2nd period - Puck is out of play.
6:01 of 2nd period - Sean Couturier wins face-off versus Robert Thomas in Vegas Golden Knights zone.
6:27 of 2nd period - Mark Stone is hit by Roman Josi.
7:16 of 2nd period - Wrist shot by Alex Chiasson.
7:16 of 2nd period - Stopped by Connor Hellebuyck with a rebound.
7:42 of 2nd period - Mark Stone is hit by Travis Hamonic and loses puck.
8:19 of 2nd period - Nico Sturm is hit by Tyler Bertuzzi and loses puck.
8:44 of 2nd period - Slapshot by Alex Chiasson.
8:44 of 2nd period - Stopped by Connor Hellebuyck without a rebound.
8:45 of 2nd period - Robert Thomas wins face-off versus Sean Couturier in St.Louis Blues zone.
9:12 of 2nd period - Wrist shot by Jordan Staal.
9:12 of 2nd period - Shot Misses the Net.
9:20 of 2nd period - Wrist shot by Jake Guentzel.
9:20 of 2nd period - Stopped by Alexandar Georgiev with a rebound.
9:22 of 2nd period - Slapshot by Alex Pietrangelo.
9:22 of 2nd period - Stopped by Alexandar Georgiev with a rebound.
9:32 of 2nd period - Wrist shot by Chris Kreider.
9:32 of 2nd period - Shot Blocked by Jake Sanderson.
10:01 of 2nd period - Lawson Crouse is hit by Nikolaj Ehlers and loses puck.
10:46 of 2nd period - Wrist shot by Jordan Staal.
10:46 of 2nd period - Stopped by Connor Hellebuyck without a rebound.
10:47 of 2nd period - Sean Monahan wins face-off versus Robert Thomas in St.Louis Blues zone.
12:10 of 2nd period - Slapshot by Reilly Smith.
12:10 of 2nd period - Stopped by Connor Hellebuyck without a rebound.
12:11 of 2nd period - Jack Eichel wins face-off versus Sean Monahan in St.Louis Blues zone.
12:47 of 2nd period - Wrist shot by Jack Roslovic.
12:47 of 2nd period - Stopped by Connor Hellebuyck without a rebound.
12:48 of 2nd period - Jordan Staal wins face-off versus Robert Thomas in St.Louis Blues zone.
12:49 of 2nd period - Snap shot by Reilly Smith.
12:49 of 2nd period - Shot Misses the Net.
12:51 of 2nd period - Slapshot by John Marino.
12:51 of 2nd period - Stopped by Connor Hellebuyck without a rebound.
12:52 of 2nd period - Jordan Staal wins face-off versus Robert Thomas in St.Louis Blues zone.
12:53 of 2nd period - Snap shot by Tyler Bertuzzi.
12:53 of 2nd period - Stopped by Connor Hellebuyck without a rebound.
12:54 of 2nd period - Jordan Staal wins face-off versus Robert Thomas in St.Louis Blues zone.
12:55 of 2nd period - Slapshot by Tyler Bertuzzi.
12:55 of 2nd period - Stopped by Connor Hellebuyck without a rebound.
12:56 of 2nd period - Jordan Staal wins face-off versus Robert Thomas in St.Louis Blues zone.
13:31 of 2nd period - Wrist shot by Chris Kreider.
13:31 of 2nd period - Shot Blocked by Jake Sanderson.
14:05 of 2nd period - Alex Pietrangelo is hit by Jordan Staal and loses puck.
14:12 of 2nd period - Colton Parayko is hit by Reilly Smith and loses puck.
14:32 of 2nd period - Joe Pavelski is hit by Tage Thompson and loses puck.
15:20 of 2nd period - Yanni Gourde is hit by Jack Roslovic and loses puck.
15:39 of 2nd period - Adam Pelech is hit by Reilly Smith and loses puck.
15:52 of 2nd period - Joe Pavelski is hit by Lawson Crouse and loses puck.
16:32 of 2nd period - Sean Couturier is hit by Evander Kane and loses puck.
16:38 of 2nd period - Off-side.
16:39 of 2nd period - Yanni Gourde wins face-off versus Sean Monahan in neutral zone.
16:51 of 2nd period - Snap shot by Alex Tuch.
16:51 of 2nd period - Shot Misses the Net.
17:11 of 2nd period - Wrist shot by Yanni Gourde.
17:11 of 2nd period - Deflect By Evander Kane.
17:11 of 2nd period - Stopped by Alexandar Georgiev without a rebound.
17:12 of 2nd period - Robert Thomas wins face-off versus Sean Couturier in Vegas Golden Knights zone.
17:21 of 2nd period - Snap shot by Elias Pettersson.
17:21 of 2nd period - Stopped by Alexandar Georgiev without a rebound.
17:22 of 2nd period - Robert Thomas wins face-off versus Sean Couturier in Vegas Golden Knights zone.
17:45 of 2nd period - Robert Thomas is hit by Sean Couturier and loses puck.
18:06 of 2nd period - Wrist shot by Elias Pettersson.
18:06 of 2nd period - Shot Misses the Net.
18:08 of 2nd period - Slapshot by Alex Pietrangelo.
18:08 of 2nd period - Shot Blocked by Shea Theodore.
18:10 of 2nd period - Wrist shot by Alex Pietrangelo.
18:10 of 2nd period - Stopped by Alexandar Georgiev with a rebound.
18:12 of 2nd period - Snap shot by Elias Pettersson.
18:12 of 2nd period - Stopped by Alexandar Georgiev with a rebound.
18:38 of 2nd period - Elias Pettersson is hit by Sean Couturier and loses puck.
18:47 of 2nd period - Roman Josi is hit by Alex Pietrangelo.
Goals for this period are 0 for Vegas Golden Knights vs 1 for St.Louis Blues.
Shots for this period are 10 for Vegas Golden Knights vs 11 for St.Louis Blues.
3rd period
0:01 of 3rd period - Sean Monahan wins face-off versus Jack Eichel in neutral zone.
0:04 of 3rd period - Snap shot by Joe Pavelski.
0:04 of 3rd period - Shot Blocked by Jake Sanderson.
0:32 of 3rd period - Slapshot by Tyler Bertuzzi.
0:32 of 3rd period - Stopped by Connor Hellebuyck with a rebound.
0:42 of 3rd period - Tage Thompson is hit by Reilly Smith and loses puck.
1:01 of 3rd period - Wrist shot by Jack Roslovic.
1:01 of 3rd period - Shot Misses the Net.
1:09 of 3rd period - Minor Penalty to Mikhail Sergachev for Holding.
1:10 of 3rd period - Joe Pavelski wins face-off versus Andrew Copp in St.Louis Blues zone.
2:19 of 3rd period - Icing by Alex Chiasson.
2:20 of 3rd period - Nico Sturm wins face-off versus Joe Pavelski in Vegas Golden Knights zone.
2:37 of 3rd period - Snap shot by Nikolaj Ehlers.
2:37 of 3rd period - Shot Misses the Net.
2:39 of 3rd period - Wrist shot by Jack Roslovic.
2:39 of 3rd period - Goal by Jack Roslovic - Vegas Golden Knights : 2 - St.Louis Blues : 2.
2:40 of 3rd period - Jack Eichel wins face-off versus Chris Kreider in neutral zone.
2:49 of 3rd period - Mark Stone is hit by Sean Monahan.
3:42 of 3rd period - Shea Theodore is hit by Yanni Gourde.
4:05 of 3rd period - Wrist shot by Lawson Crouse.
4:05 of 3rd period - Stopped by Alexandar Georgiev without a rebound.
4:06 of 3rd period - Jack Eichel wins face-off versus Sean Monahan in Vegas Golden Knights zone.
4:13 of 3rd period - Wrist shot by Jack Eichel.
4:13 of 3rd period - Shot Misses the Net.
4:15 of 3rd period - Snap shot by Jake Guentzel.
4:15 of 3rd period - Deflect By Jack Eichel.
4:15 of 3rd period - Shot Misses the Net.
4:15 of 3rd period - Puck is out of play.
4:16 of 3rd period - Jack Eichel wins face-off versus Sean Monahan in Vegas Golden Knights zone.
4:23 of 3rd period - Slapshot by Jack Eichel.
4:23 of 3rd period - Stopped by Alexandar Georgiev without a rebound.
4:24 of 3rd period - Sean Monahan wins face-off versus Jack Eichel in Vegas Golden Knights zone.
4:24 of 3rd period - Sean Monahan is hit by Jake Guentzel.
4:59 of 3rd period - Shea Theodore is hit by Elias Pettersson and loses puck.
6:21 of 3rd period - Minor Penalty to Nick Leddy for Tripping.
6:22 of 3rd period - Nikolaj Ehlers wins face-off versus Andrew Copp in St.Louis Blues zone.
6:30 of 3rd period - Snap shot by Nikolaj Ehlers.
6:30 of 3rd period - Stopped by Connor Hellebuyck with a rebound.
6:38 of 3rd period - Wrist shot by Jack Roslovic.
6:38 of 3rd period - Stopped by Connor Hellebuyck without a rebound.
6:39 of 3rd period - Joe Pavelski wins face-off versus Nico Sturm in St.Louis Blues zone.
6:42 of 3rd period - Slapshot by Chris Kreider.
6:42 of 3rd period - Stopped by Connor Hellebuyck without a rebound.
6:43 of 3rd period - Nico Sturm wins face-off versus Joe Pavelski in St.Louis Blues zone.
6:43 of 3rd period - Nico Sturm is hit by Joe Pavelski.
6:57 of 3rd period - Snap shot by Chris Kreider.
6:57 of 3rd period - Stopped by Connor Hellebuyck with a rebound.
7:09 of 3rd period - Wrist shot by Jack Roslovic.
7:09 of 3rd period - Shot Misses the Net.
7:11 of 3rd period - Snap shot by Shea Theodore.
7:11 of 3rd period - Stopped by Connor Hellebuyck with a rebound.
7:13 of 3rd period - Snap shot by Shea Theodore.
7:13 of 3rd period - Shot Blocked by Colton Parayko.
7:17 of 3rd period - Slapshot by Nikolaj Ehlers.
7:17 of 3rd period - Stopped by Connor Hellebuyck with a rebound.
7:19 of 3rd period - Snap shot by Nikolaj Ehlers.
7:19 of 3rd period - Shot Misses the Net.
7:54 of 3rd period - Icing by Roman Josi.
7:55 of 3rd period - Andrew Copp wins face-off versus Sean Couturier in Vegas Golden Knights zone.
8:06 of 3rd period - Adam Pelech is hit by Reilly Smith and loses puck.
8:21 of 3rd period - Penalty to Nick Leddy is over, Nick Leddy is back on ice.
8:27 of 3rd period - Snap shot by Tyler Bertuzzi.
8:27 of 3rd period - Shot Misses the Net.
8:29 of 3rd period - Wrist shot by Tyler Bertuzzi.
8:29 of 3rd period - Goal by Tyler Bertuzzi - Vegas Golden Knights : 3 - St.Louis Blues : 2.
8:30 of 3rd period - Tage Thompson wins face-off versus Sean Monahan in neutral zone.
8:47 of 3rd period - Wrist shot by Chris Kreider.
8:47 of 3rd period - Stopped by Connor Hellebuyck with a rebound.
10:48 of 3rd period - Wrist shot by Evander Kane.
10:48 of 3rd period - Stopped by Alexandar Georgiev without a rebound.
10:49 of 3rd period - Yanni Gourde wins face-off versus Sean Monahan in Vegas Golden Knights zone.
11:04 of 3rd period - Wrist shot by Alex Tuch.
11:04 of 3rd period - Goal by Alex Tuch - Vegas Golden Knights : 3 - St.Louis Blues : 3.
11:05 of 3rd period - Robert Thomas wins face-off versus Sean Monahan in neutral zone.
11:20 of 3rd period - Snap shot by Shea Theodore.
11:20 of 3rd period - Stopped by Connor Hellebuyck with a rebound.
11:34 of 3rd period - Slapshot by Sean Couturier.
11:34 of 3rd period - Shot Misses the Net.
11:36 of 3rd period - Wrist shot by Marc-Edouard Vlasic.
11:36 of 3rd period - Shot Misses the Net.
11:38 of 3rd period - Slapshot by Jack Roslovic.
11:38 of 3rd period - Shot Misses the Net.
11:40 of 3rd period - Snap shot by Nikolaj Ehlers.
11:40 of 3rd period - Deflect By Sean Couturier.
11:40 of 3rd period - Stopped by Connor Hellebuyck with a rebound.
11:42 of 3rd period - Wrist shot by Sean Couturier.
11:42 of 3rd period - Stopped by Connor Hellebuyck with a rebound.
12:07 of 3rd period - Slapshot by Robert Thomas.
12:07 of 3rd period - Stopped by Alexandar Georgiev without a rebound.
12:08 of 3rd period - Sean Monahan wins face-off versus Jack Eichel in Vegas Golden Knights zone.
12:15 of 3rd period - Slapshot by Jack Eichel.
12:15 of 3rd period - Shot Blocked by Shea Theodore.
12:25 of 3rd period - Slapshot by Shea Theodore.
12:25 of 3rd period - Shot Misses the Net.
12:35 of 3rd period - Tyler Bertuzzi is hit by Alex Tuch and loses puck.
12:40 of 3rd period - Slapshot by Alex Tuch.
12:40 of 3rd period - Shot Misses the Net.
12:46 of 3rd period - Slapshot by Alex Tuch.
12:46 of 3rd period - Stopped by Alexandar Georgiev with a rebound.
12:48 of 3rd period - Snap shot by Nick Leddy.
12:48 of 3rd period - Shot Misses the Net.
13:25 of 3rd period - Snap shot by Jack Roslovic.
13:25 of 3rd period - Goal by Jack Roslovic - Vegas Golden Knights : 4 - St.Louis Blues : 3.
13:26 of 3rd period - Robert Thomas wins face-off versus Sean Monahan in neutral zone.
13:31 of 3rd period - Wrist shot by Robert Thomas.
13:31 of 3rd period - Shot Misses the Net.
13:39 of 3rd period - Snap shot by Elias Pettersson.
13:39 of 3rd period - Shot Misses the Net.
13:41 of 3rd period - Snap shot by Tage Thompson.
13:41 of 3rd period - Stopped by Alexandar Georgiev without a rebound.
13:42 of 3rd period - Jordan Staal wins face-off versus Jack Eichel in Vegas Golden Knights zone.
13:42 of 3rd period - Jordan Staal is hit by Colton Parayko.
13:48 of 3rd period - Jake Guentzel is hit by Tyler Bertuzzi and loses puck.
13:54 of 3rd period - Minor Penalty to Marc Staal for Cross-checking.
13:55 of 3rd period - Robert Thomas wins face-off versus Sean Couturier in Vegas Golden Knights zone.
14:00 of 3rd period - Wrist shot by Elias Pettersson.
14:00 of 3rd period - Stopped by Alexandar Georgiev without a rebound.
14:01 of 3rd period - Robert Thomas wins face-off versus Sean Couturier in Vegas Golden Knights zone.
15:54 of 3rd period - Penalty to Marc Staal is over, Marc Staal is back on ice.
18:24 of 3rd period - Nick Leddy is hit by Joe Pavelski and loses puck.
18:55 of 3rd period - Yanni Gourde is hit by Eric Staal and loses puck.
19:06 of 3rd period - Wrist shot by Sean Monahan.
19:06 of 3rd period - Shot Misses the Net.
19:08 of 3rd period - Wrist shot by Sean Monahan.
19:08 of 3rd period - Stopped by Connor Hellebuyck with a rebound.
19:10 of 3rd period - Snap shot by Jordan Staal.
19:10 of 3rd period - Stopped by Connor Hellebuyck without a rebound.
19:11 of 3rd period - Mike Sullivan call a timeout for St.Louis Blues.
19:11 of 3rd period - Andrew Copp wins face-off versus Sean Monahan in St.Louis Blues zone.
19:20 of 3rd period - St.Louis Blues, Connor Hellebuyck is pulled from the net.
Goals for this period are 3 for Vegas Golden Knights vs 1 for St.Louis Blues.
Shots for this period are 16 for Vegas Golden Knights vs 8 for St.Louis Blues.
Back to the Top